Map: Flooded City

Players

Michael - Winner!

  • Race: Zerg Zerg
  • League: Gold
  • Spawn Location: 6:00

MonstroTown - Winner!

  • Race: Terran Terran
  • Spawn Location: 6:00

Honnse

  • Race: Terran Terran
  • League: Diamond
  • Spawn Location: 12:00

Honnse

  • Race: Terran Terran
  • Spawn Location: 12:00

VOD

Have the link to the VOD?

Description

Time

  • Played on: Sept. 29, 2018, 12:45 a.m.
  • Length: 6:27
Show
View Real Time Build Order
Export as new Build Order

Michael Zerg - Winner!

Build Orders: Pool First 

Get SALT Encoding   

  12  0:01  Drone  
  13  0:12  Overlord  
  13  0:18  Drone  
  14  0:31  Drone x2  
  14  0:35  Drone  
  17  0:39  Extractor  
  16  0:45  Drone  
  17  0:52  Spawning Pool  
  17  0:56  Drone  
  17  1:08  Drone  
  18  1:28  Hatchery  
  18  1:36  Hatchery  
  18  1:38  Queen  
  19  1:49  Drone  
  19  1:51  Roach Warren  
  19  1:55  Zergling x2  
  19  1:57  Zergling x2  
  21  2:13  Zergling x2  
  22  2:22  Overlord  
  23  2:40  Queen  
  24  2:46  Roach x3  
  29  2:54  Overlord  
  28  2:59  Spine Crawler  
  28  3:04  Roach  
  29  3:06  Spine Crawler  
  28  3:18  Roach x3  
  33  3:24  Roach  
  29  3:29  Zergling x2  
  29  3:30  Zergling x2  
  29  3:47  Roach x2  
  31  3:55  Drone  
  29  4:11  Metabolic Boost  
  29  4:18  Drone  
  29  4:19  Drone x3  
  33  4:39  Roach x2  
  34  4:59  Roach  
  36  5:02  Zergling x2  
  37  5:09  Lair  
  37  5:19  Overlord  
  33  5:36  Hatchery  
  33  5:39  Roach x2  
  34  5:45  Zergling x4  
  35  6:02  Zergling x2  
  36  6:12  Extractor, Drone  
Show
View Real Time Build Order
Export as new Build Order

MonstroTown Terran - Winner!

Build Orders:  

Get SALT Encoding   

  12  0:01  SCV  
  13  0:13  SCV  
  14  0:19  Supply Depot  
  14  0:25  SCV  
  15  0:40  SCV  
  15  0:41  Barracks  
  16  0:46  Refinery  
  16  0:52  SCV  
  17  1:00  Barracks  
  17  1:14  SCV  
  18  1:26  SCV  
  18  1:31  Reaper  
  20  1:35  Barracks  
  20  1:44  Orbital Command  
  20  1:53  Marine  
  21  2:02  Supply Depot  
  21  2:11  SCV  
  21  2:14  Marine  
  23  2:23  SCV, Marine  
  23  2:26  Supply Depot x2  
  24  2:32  Marine  
  23  2:41  Factory  
  21  3:04  Marine  
  15  3:29  Marine  
  15  3:32  Widow Mine  
  8  3:44  Marine x2  
  8  3:47  Marine  
  7  4:01  Cyclone  
  10  4:05  Marine  
  11  4:16  SCV  
  11  4:22  Marine  
  10  4:34  SCV  
  10  5:00  SCV  
  10  5:01  Marine x2  
  13  5:12  SCV  
  9  5:25  SCV  
  9  5:26  Marine x3  
  13  5:37  SCV  
  14  6:06  Marine  
  14  6:07  Marine  
  18  6:12  SCV  
Show
View Real Time Build Order
Export as new Build Order

Honnse Terran 

Build Orders:  

Get SALT Encoding   

  12  0:00  SCV  
  13  0:13  SCV  
  14  0:20  Supply Depot  
  14  0:25  SCV  
  15  0:33  Refinery  
  15  0:50  Barracks  
  15  1:01  Barracks  
  15  1:06  SCV  
  16  1:13  Refinery  
  16  1:28  SCV  
  17  1:40  Reaper  
  17  1:42  Barracks  
  18  1:51  Reaper  
  19  1:59  SCV  
  20  2:06  Supply Depot  
  20  2:12  Reaper  
  21  2:28  Reaper  
  22  2:30  SCV  
  23  2:43  Reaper  
  24  2:44  Reaper  
  25  3:00  Reaper  
  26  3:15  Reaper  
  26  3:16  Reaper  
  28  3:32  Reaper  
  29  3:43  SCV  
  29  3:45  Supply Depot  
  29  3:47  Reaper  
  27  3:48  Reaper  
  27  3:55  SCV  
  28  4:04  Reaper  
  28  4:10  SCV  
  28  4:19  Reaper  
  28  4:21  Reaper  
  28  4:22  SCV  
  30  4:36  Reaper  
  30  4:37  Factory  
  31  4:51  Reaper  
  30  4:53  Reaper  
  31  5:05  Orbital Command  
  31  5:08  Reaper  
  32  5:38  Factory Tech Lab  
  27  5:53  Barracks Reactor  
  24  5:59  Barracks Reactor  
  24  6:01  Barracks Reactor  
  28  6:20  Command Center  
Show
View Real Time Build Order
Export as new Build Order

Honnse Terran 

Build Orders:  

Get SALT Encoding   

  12  0:01  SCV  
  13  0:38  Supply Depot  
  13  1:01  Barracks x2  
  13  1:07  Barracks  
  13  1:49  Marine x2  
  13  1:50  Orbital Command  
  15  2:01  Bunker  
  15  2:03  Marine  
  15  2:07  Marine  
  17  2:11  Marine  
  17  2:21  Marine  
  18  2:25  Marine  
  18  2:29  Marine  
  20  2:39  Marine  
  20  2:42  Marine  
  21  2:46  Marine  
  22  2:51  Supply Depot  
  22  2:56  Marine  
  23  3:12  Marine x2  
  23  3:14  Marine  
  22  3:30  Marine x2  
  22  3:32  Marine  
  21  3:48  Marine x2  
  20  3:50  Marine  
  18  4:06  Marine x2  
  18  4:08  Marine  
  18  4:24  Marine x2  
  20  4:25  Marine  
  21  4:37  Refinery  
  21  4:40  Refinery  
  21  4:41  Marine x2  
  21  4:43  Marine  
  17  5:04  Barracks  
  15  5:13  Marine x3  
  15  5:16  Barracks  
  11  6:03  Barracks  
  11  6:04  Barracks  
  11  6:06  Barracks  
  11  6:12  SCV  
Tags
 
Add a new tag
Caveats
  • Supply blocks, unpowered buildings, or Contaminate may cause inaccurate times.
  • Supply counts are checked every 10 seconds.